 Dungeon Crawl Stone Soup version 0.23-b1-3-gdda8187c6f (webtiles) character file.

Game seed: 11477158589608987146

34 MrBoozer the Magician (level 3, -6/22 HPs)
             Began as an Octopode Wizard on Jan 31, 2019.
             Mangled by Sigmund
             ... wielding a +0 scythe
              (10 damage)
             ... on level 2 of the Dungeon.
             The game lasted 00:09:10 (776 turns).

MrBoozer the Magician (Octopode Wizard)              Turns: 776, Time: 00:09:10

Health: -6/22      AC:  1    Str:  6    XL:     3   Next: 31%
Magic:  4/8        EV: 13    Int: 21    God:
Gold:   29         SH:  0    Dex: 10    Spells: 3/9 levels left

rFire    . . .     SeeInvis .   i - +0 dagger (flame)
rCold    . . .     Gourm    .   (no shield)
rNeg     . . .     Faith    .   a - +0 hat
rPois    .         Spirit   .   (no amulet)
rElec    .         Reflect  .   (no ring)
rCorr    .         Harm     .   (no ring)
MR       .....                  (no ring)
Stlth    +++.......             (no ring)
HPRegen  0.07/turn              (no ring)
MPRegen  0.11/turn              (no ring)
                                (no ring)
                                (no ring)

@: no status effects
A: almost no armour, stealthy swim, amphibious, 8 rings, constrict 8, camouflage
1, gelatinous body 1
a: no special abilities


You were on level 2 of the Dungeon.
You were not hungry.

You visited 1 branch of the dungeon, and saw 2 of its levels.

You collected 29 gold pieces.

Inventory:

Hand Weapons
 i - a +0 dagger of flaming (weapon)
Armour
 a - a +0 hat (worn)
Jewellery
 h - an uncursed ring of wizardry {unknown}
Potions
 b - a potion of agility {unknown}
 d - 2 potions of lignification {unknown}
 g - a potion of curing {unknown}
Comestibles
 c - 3 rations
 f - 6 chunks of flesh


   Skills:
 * Level 0.6 Fighting
 * Level 0.6 Short Blades
 + Level 2.0 Dodging
 + Level 2.7 Stealth
 - Level 0.2 Unarmed Combat
 * Level 3.7 Spellcasting
 * Level 1.1 Conjurations
 + Level 1.0 Summonings
   Level 1.0 Translocations


You had 3 spell levels left.
You knew the following spells:

 Your Spells              Type           Power        Failure   Level  Hunger
a - Magic Dart            Conj           #...         8%          1    None
b - Call Imp              Summ           #.......     12%         2    ##.....
c - Conjure Flame         Conj/Fire      #.......     28%         3    ###....

Your spell library contained the following spells:

 Spells                   Type           Power        Failure   Level  Hunger
 Blink                    Tloc           N/A          12%         2    ##.....
 Slow                     Hex            #.......     19%         2    ##.....
 Mephitic Cloud           Conj/Pois/Air  #.......     32%         3    ###....


Dungeon Overview and Level Annotations

Branches:
Dungeon (2/15)

Altars:

Annotations:
D:2 Sigmund


Innate Abilities, Weirdness & Mutations

You cannot wear most types of armour.
You are very stealthy in the water. (Stealth+)
You are amphibious.
You can wear up to eight rings at the same time.
You can use your tentacles to constrict eight enemies at once.
Your skin changes colour to match your surroundings (Stealth+).
Your rubbery body absorbs attacks. (AC +1, EV +1)


Message History

Your crimson imp dies!
Some of the chunks of flesh in your inventory have rotted away.
Casting: Call Imp (safe; 12% risk of failure)
Confirm with . or Enter, or press ? or * to list all spells.
A beastly little devil appears in a puff of flame.
Your crimson imp blinks!
Your crimson imp hits Sigmund.
Sigmund gestures at you while chanting. You resist with significant effort.
Your crimson imp closely misses Sigmund.
Sigmund gestures at you while chanting. The puff of flame hits you!
* * * LOW HITPOINT WARNING * * *
Your crimson imp hits Sigmund.
Sigmund gestures wildly while chanting.
Sigmund flickers and vanishes!
Deactivating autopickup; reactivate with Ctrl-A.
Found a ration.
Your crimson imp hits something.
Something hits you!
You die...

#. #.> #........ #(
#!# #........
#.#.######........
#....<............
#.⌠.#.#######........
#.#.#.. ###.........
# #.# #..5........
#..#####.##........
....%..@.##########
.......#### .......
.... ... ##


You could see a friendly crimson imp.

Vanquished Creatures
  An ooze (D:1)
  A leopard gecko (D:1)
  5 giant cockroaches (D:1)
  A goblin (D:1)
  A hobgoblin (D:1)
  8 bats (D:1)
  3 frilled lizards (D:1)
  5 kobolds (D:1)
  A rat (D:1)
26 creatures vanquished.

Vanquished Creatures (collateral kills)
  A dart slug (D:1)
1 creature vanquished.

Grand Total: 27 creatures vanquished

Notes
Turn   | Place    | Note
-------+----------+-------------------------------------------
     0 | D:1      | MrBoozer the Octopode Wizard began the quest for the Orb.
     0 | D:1      | Reached XP level 1. HP: 11/11 MP: 4/4
    86 | D:1      | Reached XP level 2. HP: 13/17 MP: 4/6
   445 | D:1      | Reached XP level 3. HP: 22/22 MP: 4/8
   450 | D:1      | Learned a level 2 spell: Call Imp
   454 | D:1      | Learned a level 3 spell: Conjure Flame
   750 | D:2      | Noticed Sigmund
   776 | D:2      | Mangled by Sigmund

Action                   || total
-------------------------++-------
Melee: Unarmed           ||    21
       Constrict         ||    10
       Tentacles         ||     4
       Dagger            ||    22
 Cast: Magic Dart        ||    45
       Call Imp          ||     4
       Conjure Flame     ||     1
  Use: Scroll            ||     2
Armor: Skin              ||    10
Dodge: Dodged            ||    64
